 Dungeon Crawl Stone Soup version 0.19.1-1-g22dce08 (webtiles) character file.

137 dngmouse the Chopper (level 5, -5/69 HPs)
             Began as a Minotaur Berserker on Jan 19, 2017.
             Was a Believer of Trog.
             Slain by an orc warrior
             ... wielding a +0 mace
              (12 damage)
             ... on level 4 of the Dungeon.
             The game lasted 00:04:59 (1991 turns).

dngmouse the Chopper (Minotaur Berserker)           Turns: 1991, Time: 00:05:00

Health: -5/69      AC:  9    Str: 26    XL:     5   Next: 0%
Magic:  4/4        EV: 11    Int:  4    God:    Trog [**....]
Gold:   153        SH:  0    Dex: 11    Spells: 0 memorised, 4 levels left

rFire  . . .     SeeInvis .     a - +0 hand axe
rCold  . . .     Gourm    .     i - +0 scale mail (curse)
rNeg   . . .     Faith    .     (no shield)
rPois  .         Spirit   .     (helmet restricted)
rElec  .         Reflect  .     (no cloak)
rCorr  .         Harm     .     h - +0 pair of gloves
MR     ++...                    (no boots)
Stlth  ..........               m - amulet of rage
                                (no ring)
                                k - +2 ring of protection

@: berserking, regenerating, very quick
A: retaliatory headbutt, horns 2
a: Berserk, Trog's Hand, Burn Spellbooks, Renounce Religion, Evoke Berserk Rage


You were on level 4 of the Dungeon.
You worshipped Trog.
Trog was pleased with you.
You were near starving.

You visited 1 branch of the dungeon, and saw 4 of its levels.

You collected 153 gold pieces.

Inventory:

Hand Weapons
 a - a +0 hand axe (weapon)
Armour
 h - a +0 pair of gloves (worn)
 i - a cursed +0 scale mail (worn)
Jewellery
 k - a +2 ring of protection (left hand)
 m - an amulet of rage (around neck)
Scrolls
 b - 2 scrolls of amnesia {unknown}
 n - 3 scrolls of recharging {unknown}
 p - a scroll of teleportation {unknown}
 u - a scroll of remove curse {unknown}
Potions
 d - a potion of cancellation {unknown}
 e - 2 potions of brilliance {unknown}
 g - a potion of cure mutation {unknown}
 j - 3 potions of heal wounds {unknown}
 l - a potion of curing {unknown}
 o - a potion of resistance {unknown}
 q - a potion of flight {unknown}
 v - a potion of agility {unknown}
Comestibles
 c - 5 bread rations
 f - a fruit
 r - a meat ration
 s - a beef jerky
 t - 5 chunks of flesh


   Skills:
 - Level 4.1 Fighting
 * Level 6.6 Axes
 - Level 2.4 Armour
 - Level 2.1 Dodging


You had 4 spell levels left.
You didn't know any spells.

Dungeon Overview and Level Annotations

Branches:
Dungeon (4/15)
 Temple: D:4-7

Altars:
Vehumet


Innate Abilities, Weirdness & Mutations

You reflexively headbutt those who attack you in melee.
You have a pair of horns on your head.


Message History

The ice beast hits you. The ice beast freezes you.
The orc warrior closely misses you.
You barely miss the orc wizard.
The orc wizard is severely wounded.
You hit the orc warrior but do no damage.
You hit the ice beast but do no damage. The ice beast hits you.
The ice beast freezes you.
The orc wizard gestures wildly while chanting.
The orc wizard blinks!
Your skin crawls.
You feel resistant to hostile enchantments.
You feel somewhat more hungry. The orc warrior hits you with a mace!
* * * LOW HITPOINT WARNING * * *
The ice beast hits you but does no damage.
The orc hits you but does no damage.
A red film seems to cover your vision as you go berserk!
You feel yourself moving faster!
You feel mighty!
You are near starving!
The ice beast misses you. The orc warrior hits you with a mace!
You die...

#.# #.# #.#
#.# #.# #.#
#.# #.. #
#.# ###
#.#.#
#.#/##
#.o..#####.
#..@.......
##Yoo#####.
##..# ##.#
.. ..# ..#
..#


You could see an orc warrior, an ice beast, an orc wizard and an orc.

Vanquished Creatures
  An orc priest (D:4)
  3 adders
  2 oozes
  A worm (D:2)
  2 dart slugs
  A leopard gecko (D:1)
  6 orcs (D:4)
  A ball python (D:2)
  12 bats
  3 giant cockroaches
  7 goblins
  4 hobgoblins
  3 jackals (D:1)
  A quokka (D:3)
  4 frilled lizards
  5 kobolds
  5 rats
61 creatures vanquished.

Notes
Turn   | Place    | Note
-------+----------+-------------------------------------------
     0 | D:1      | dngmouse the Minotaur Berserker began the quest for the Orb.
     0 | D:1      | Reached XP level 1. HP: 19/19 MP: 0/0
   101 | D:1      | Reached skill level 4 in Axes
   168 | D:1      | Reached XP level 2. HP: 22/27 MP: 1/1
   900 | D:2      | Reached XP level 3. HP: 33/33 MP: 2/2
   908 | D:2      | Reached ** piety under Trog
   908 | D:2      | Reached skill level 5 in Axes
   913 | D:2      | Found a radiant altar of Vehumet.
  1469 | D:3      | Reached XP level 4. HP: 40/40 MP: 3/3
  1702 | D:3      | Noticed a water moccasin
  1918 | D:4      | Reached skill level 6 in Axes
  1981 | D:4      | Noticed an orc warrior
  1983 | D:4      | Noticed an ice beast
  1983 | D:4      | Reached XP level 5. HP: 46/46 MP: 4/4
  1991 | D:4      | Slain by an orc warrior

Skill      XL: |  1  2  3  4 |
---------------+-------------+-----
Axes           | 4 5 6 |  6.6
Fighting       | 4 |  4.1
Armour         | |  2.4
Dodging        | |  2.1

Action                   |  1- 3 |  4- 6 || total
-------------------------+-------+-------++-------
Melee: Hand axe          |   103 |    47 ||   150
       Headbutt          |    15 |    11 ||    26
Invok: Berserk           |       |     1 ||     1
       Trog's Hand       |       |     1 ||     1
  Eat: Chunk             |     2 |     1 ||     3
Armor: Animal skin       |     2 |       ||     2
       Scale mail        |    42 |    19 ||    61
Dodge: Dodged            |    58 |    32 ||    90
